 Dungeon Crawl Stone Soup version 0.21.1-1-g345015f (webtiles) character file.

129 inc the Grasshopper (level 5, -4/43 HPs)
             Began as a Gnoll Warper on June 9, 2018.
             Slain by Edmund
             ... wielding a +2 flail of protection
              (7 damage)
             ... on level 4 of the Dungeon.
             The game lasted 00:03:50 (3280 turns).

inc the Grasshopper (Gnoll Warper)                  Turns: 3280, Time: 00:03:51

Health: -4/43      AC:  5    Str: 13    XL:     5   Next: 12%
Magic:  11/12      EV: 14    Int: 16    God:
Gold:   129        SH:  0    Dex: 15    Spells: 10/14 levels left

rFire    . . .     SeeInvis .   a - +0 mace
rCold    . . .     Gourm    .   (no shield)
rNeg     . . .     Faith    .   r - +1 leather armour {rPois}
rPois    +         Spirit   .   (no helmet)
rElec    .         Reflect  .   (no cloak)
rCorr    .         Harm     .   s - +0 pair of gloves
MR       .....                  (no boots)
Stlth    ++........             (no amulet)
HPRegen  0.14/turn              (no ring)
MPRegen  0.13/turn              (no ring)

@: shrouded (expiring)
A: distributed training, fangs 1, strong nose
a: no special abilities


You were on level 4 of the Dungeon.
You were not hungry.

You visited 1 branch of the dungeon, and saw 4 of its levels.

You collected 129 gold pieces.

Inventory:

Hand Weapons
 a - a +0 mace (weapon)
Missiles
 e - 5 tomahawks of dispersal (quivered)
 v - 7 tomahawks
Armour
 b - a +0 leather armour
 k - a +0 ring mail
 r - a +1 leather armour of poison resistance (worn)
 s - a +0 pair of gloves (worn)
Jewellery
 h - an uncursed ring of ice
 p - an uncursed amulet of faith
Scrolls
 d - a scroll of blinking
 i - 3 scrolls of enchant weapon {unknown}
 l - 3 scrolls of remove curse {unknown}
 n - a scroll of noise {unknown}
 o - 2 scrolls of identify {unknown}
 u - 2 scrolls of teleportation {unknown}
Potions
 g - a potion of berserk rage
 j - a potion of haste {unknown}
 m - 2 potions of degeneration {unknown}
 q - 2 potions of mutation {unknown}
 t - a potion of heal wounds {unknown}
 w - a potion of lignification {unknown}
 z - a potion of agility {unknown}
Books
 c - a book of Spatial Translocations

   Spells                             Type                      Level
   a - Blink                          Translocation                2
   b - Shroud of Golubria             Charms/Translocation         2
   c - Lesser Beckoning               Translocation                3
   d - Gell's Gravitas                Translocation                3
   e - Teleport Other                 Translocation                3
   f - Passage of Golubria            Translocation                4
Comestibles
 f - 8 rations


   Skills:
 + Level 4.7 Fighting
 + Level 1.3 Short Blades
 + Level 1.3 Long Blades
 + Level 1.3 Axes
 + Level 4.7 Maces & Flails
 + Level 1.3 Polearms
 + Level 1.3 Staves
 + Level 1.3 Slings
 + Level 1.3 Bows
 + Level 1.3 Crossbows
 + Level 2.9 Throwing
 + Level 2.9 Armour
 + Level 4.7 Dodging
 + Level 1.3 Stealth
 + Level 1.3 Shields
 + Level 1.3 Unarmed Combat
 + Level 5.1 Spellcasting
 + Level 1.1 Conjurations
 + Level 1.1 Hexes
 + Level 1.1 Charms
 + Level 1.1 Summonings
 + Level 1.1 Necromancy
 + Level 5.5 Translocations
 + Level 1.1 Transmutations
 + Level 1.1 Fire Magic
 + Level 1.1 Ice Magic
 + Level 1.1 Air Magic
 + Level 1.1 Earth Magic
 + Level 1.1 Poison Magic
 + Level 1.5 Invocations
 + Level 1.3 Evocations


You had 10 spell levels left.
You knew the following spells:

 Your Spells              Type           Power        Failure   Level  Hunger
a - Blink                 Tloc           N/A          3%          2    #......
b - Shroud of Golubria    Chrm/Tloc      ##........   8%          2    #......


Dungeon Overview and Level Annotations

Branches:
Dungeon (4/15)
 Temple: D:4-7

Altars:

Annotations:
D:4 Edmund


Innate Abilities, Weirdness & Mutations

Your experience applies equally to all skills.
You have very sharp teeth.
Your uncanny sense of smell can sniff out nearby items.


Message History

Edmund is severely wounded.
Edmund closely misses you. The goblin hits you but does no damage.
You hit Edmund but do no damage.
Edmund is severely wounded.
Edmund closely misses you. The goblin misses you.
You hit Edmund but do no damage.
Edmund is severely wounded.
The goblin barely misses you.
Edmund hits you with a flail of protection.
* * * LOW HITPOINT WARNING * * *
You closely miss Edmund.
Edmund is severely wounded.
Your shroud bends the goblin's attack away.
Edmund hits you but does no damage.
You hit Edmund but do no damage. You punch Edmund. Your bite misses Edmund.
Edmund is severely wounded.
Your shroud begins to fray at the edges.
The goblin misses you.
Edmund hits you with a flail of protection!
You die...

....... .
..... .
..... .#
##...##.#
##.......#
#........#
#...@g..#
#...@...#
##..†...#
#....<..#
#.......#
#.......#
##.....##
##...##
####.


You could see Edmund and a goblin.

Vanquished Creatures
  5 adders
  An ooze (D:1)
  3 worms
  2 dart slugs (D:1)
  A leopard gecko (D:2)
  4 orcs (D:3)
  5 giant cockroaches
  9 goblins
  9 hobgoblins
  9 bats
  2 frilled lizards
  6 kobolds
  3 rats
59 creatures vanquished.

Notes
Turn   | Place    | Note
-------+----------+-------------------------------------------
     0 | D:1      | inc the Gnoll Warper began the quest for the Orb.
     0 | D:1      | Reached XP level 1. HP: 20/20 MP: 6/6
   136 | D:1      | Reached XP level 2. HP: 26/26 MP: 7/7
   163 | D:1      | Learned a level 2 spell: Blink
   166 | D:1      | Learned a level 2 spell: Shroud of Golubria
   199 | D:1      | You fall through a shaft!
   418 | D:2      | Reached skill level 5 in Spellcasting
   418 | D:2      | Reached XP level 3. HP: 18/31 MP: 7/9
   700 | D:1      | Reached skill level 1 in Invocations
  1264 | D:2      | Reached skill level 1 in Short Blades
  1264 | D:2      | Reached skill level 1 in Long Blades
  1264 | D:2      | Reached skill level 1 in Axes
  1264 | D:2      | Reached skill level 1 in Polearms
  1264 | D:2      | Reached skill level 1 in Staves
  1264 | D:2      | Reached skill level 1 in Slings
  1264 | D:2      | Reached skill level 1 in Bows
  1264 | D:2      | Reached skill level 1 in Crossbows
  1264 | D:2      | Reached skill level 1 in Stealth
  1264 | D:2      | Reached skill level 1 in Shields
  1264 | D:2      | Reached skill level 1 in Unarmed Combat
  1264 | D:2      | Reached skill level 1 in Evocations
  1650 | D:3      | Reached XP level 4. HP: 38/38 MP: 11/11
  2046 | D:3      | Reached skill level 1 in Conjurations
  2046 | D:3      | Reached skill level 1 in Hexes
  2046 | D:3      | Reached skill level 1 in Charms
  2046 | D:3      | Reached skill level 1 in Summonings
  2046 | D:3      | Reached skill level 1 in Necromancy
  2046 | D:3      | Reached skill level 1 in Transmutations
  2046 | D:3      | Reached skill level 1 in Fire Magic
  2046 | D:3      | Reached skill level 1 in Ice Magic
  2046 | D:3      | Reached skill level 1 in Air Magic
  2046 | D:3      | Reached skill level 1 in Earth Magic
  2046 | D:3      | Reached skill level 1 in Poison Magic
  2602 | D:3      | Reached XP level 5. HP: 8/43 MP: 12/12
  3229 | D:4      | Noticed Edmund
  3278 | D:4      | HP: 2/43 [Edmund/flail of protection (5)]
  3280 | D:4      | Slain by Edmund

Skill      XL: |  1  2  3  4 |
---------------+-------------+-----
Spellcasting   | 5 |  5.1
Invocations    | 1 |  1.5
Short Blades   | 1 |  1.3
Long Blades    | 1 |  1.3
Axes           | 1 |  1.3
Polearms       | 1 |  1.3
Staves         | 1 |  1.3
Slings         | 1 |  1.3
Bows           | 1 |  1.3
Crossbows      | 1 |  1.3
Stealth        | 1 |  1.3
Shields        | 1 |  1.3
Unarmed Combat | 1 |  1.3
Evocations     | 1 |  1.3
Conjurations   | 1 |  1.1
Hexes          | 1 |  1.1
Charms         | 1 |  1.1
Summonings     | 1 |  1.1
Necromancy     | 1 |  1.1
Transmutations | 1 |  1.1
Fire Magic     | 1 |  1.1
Ice Magic      | 1 |  1.1
Air Magic      | 1 |  1.1
Earth Magic    | 1 |  1.1
Poison Magic   | 1 |  1.1
Fighting       | |  4.7
Maces & Flails | |  4.7
Throwing       | |  2.9
Armour         | |  2.9
Dodging        | |  4.7
Translocations | |  5.5

Action                   |  1- 3 |  4- 6 || total
-------------------------+-------+-------++-------
Melee: Mace              |   106 |   154 ||   260
       Bite              |     9 |    14 ||    23
       Punch             |       |     2 ||     2
 Cast: Shroud of Golubri |       |     6 ||     6
       Blink             |       |     1 ||     1
  Use: Potion            |       |     1 ||     1
 Stab: Sleeping          |     2 |     3 ||     5
  Eat: Chunk             |     2 |     6 ||     8
Armor: Leather armour    |    23 |    39 ||    62
Dodge: Dodged            |   101 |   127 ||   228
